 Dungeon Crawl Stone Soup version 0.16-a0-3326-gb44eaf1 (console) character file.

360 Fusha the Ogre Mage (level 6, -1/55 HPs)
             Began as an Ogre Ice Elementalist on Dec 27, 2014.
             Killed by drain life
             ... invoked by a soul eater
             ... summoned by miscasting Summon Ice Beast
              (12 damage)
             ... on level 4 of the Dungeon.
             The game lasted 00:30:56 (4260 turns).

Fusha the Ogre Mage (Ogre Ice Elementalist)         Turns: 4260, Time: 00:30:57

Health: -1/55      AC:  5    Str: 14    XL:     6   Next: 65%
Magic:  14/17      EV: 10    Int: 16    God:
Gold:   148        SH:  0    Dex: 10    Spells: 4 memorised, 5 levels left

rFire  . . .     SeeInvis .     h - +0 whip
rCold  . . .     Clarity  .     a - +2 robe
rNeg   . . .     SustAb   .     (shield restricted)
rPois  .         Gourm    .     (helmet restricted)
rElec  .         Spirit   .     (no cloak)
rCorr  .         Warding  .     (gloves unavailable)
rMut   .         Stasis   .     (boots unavailable)
MR     .....                    (no amulet)
Stlth  +.........               (no ring)
                                (no ring)

@: very slightly contaminated, not resistant to hostile enchantments, very
unstealthy
A: unfitting armour, tough skin 1
a: no special abilities


You were on level 4 of the Dungeon.
You were not hungry.

You visited 1 branch of the dungeon, and saw 4 of its levels.

You collected 148 gold pieces.

Inventory:

Hand weapons
 h - a +0 whip (weapon)
Missiles
 d - 63 stones
 m - 9 tomahawks (quivered)
Armour
 a - a +2 robe (worn)
Magical devices
 j - a wand of random effects (20)
Scrolls
 c - 2 scrolls of remove curse
Potions
 e - 2 potions of ambrosia {unknown}
 f - a potion of haste {unknown}
 g - 2 potions of heal wounds {unknown}
 i - 3 potions of curing
 o - a potion of lignification {unknown}
Books
 b - a book of Frost

   Spells                             Type                      Level
   a - Freeze                         Ice                          1
   b - Throw Frost                    Conjuration/Ice              2
   c - Ozocubu's Armour               Charms/Ice                   3
   d - Throw Icicle                   Conjuration/Ice              4
   e - Summon Ice Beast               Ice/Summoning                4
   f - Condensation Shield            Ice                          4
Comestibles
 l - a bread ration


   Skills:
 + Level 1.0 Fighting
 + Level 0.6 Maces & Flails
 + Level 0.2 Throwing
 + Level 2.3 Dodging
 + Level 1.5 Stealth
 * Level 5.3 Spellcasting
 + Level 0.9 Conjurations
 * Level 1.3 Summonings
 + Level 3.4 Ice Magic


You had 5 spell levels left.
You knew the following spells:

 Your Spells              Type           Power        Failure   Level  Hunger
a - Freeze                Ice            ###.         4%          1    None
b - Throw Frost           Conj/Ice       ##....       10%         2    #......
c - Ozocubu's Armour      Chrm/Ice       #.......     21%         3    ###....
d - Summon Ice Beast      Ice/Summ       ##......     63%         4    ####...


Dungeon Overview and Level Annotations

Branches:
Dungeon (4/15)
 Temple: D:4-7

Altars:
Qazlal


Innate Abilities, Weirdness & Mutations

You are too large for most types of armour.
You have tough skin (AC +1).


Message History

Read which item? (? for menu, Esc to quit)
As you read the scroll labeled PSERUG BLEN, it crumbles to dust.
It is a scroll of identify.
Identify which item? (\ to view known items) (? for menu, Esc to quit)
q - a scroll of random uselessness Read which item? (? for menu, Esc to quit)
As you read the scroll labeled SEHAIM GUXAXKA, it crumbles to dust.
The scroll dissolves into smoke.
It was a scroll of fog.
The sixfirhy closely misses you. The soul eater hits you.
The sixfirhy barely misses you. The sixfirhy misses you. The sixfirhy hits you.
* * * LOW HITPOINT WARNING * * *
The sixfirhy shocks you!
* * * LOW HITPOINT WARNING * * *
Read which item? (? for menu, Esc to quit)
As you read the scroll of random uselessness, it crumbles to dust.
You experience a momentary feeling of inescapable doom!
Drink which item? (? for menu, Esc to quit)
It was a potion of curing.
You feel better.
The soul eater draws from the surrounding life force!
You die...

#......#......
#......+......
+......#......
#......#...### #
###+#.....##...#.. #.
#...#.....#....#..
###..##...#.....#....#..
.......§§§§#..(..#....#..
......§§@§§§.....'....'..
#.#######3##.....#....#..
#...§W§§.....########
######§§W....# #.
#.......# #. #.......# ##
#.###+#.... # #.' ..#...
#.# .+..


You could see a soul eater and a phantom.

Vanquished Creatures
  3 orc wizards
  An orc priest (D:3)
  A worker ant (D:3)
  2 iguanas (D:4)
  Robin (D:2)
  A gnoll (D:1)
  6 adders
  4 giant geckos
  12 orcs
  14 goblins
  12 hobgoblins
  12 jackals
  3 quokkas
  A ball python (D:2)
  7 bats
  3 giant cockroaches (D:1)
  5 giant newts
  5 kobolds
  9 rats
102 creatures vanquished.

Notes
Turn   | Place    | Note
--------------------------------------------------------------
     0 | D:1      | Fusha, the Ogre Ice Elementalist, began the quest for the Orb.
     0 | D:1      | Reached XP level 1. HP: 16/16 MP: 3/3
   168 | D:1      | Reached XP level 2. HP: 16/24 MP: 0/5
   172 | D:1      | Learned a level 2 spell: Throw Frost
   378 | D:1      | HP: 1/24 [giant gecko (2)]
   996 | D:2      | Reached skill level 3 in Spellcasting
   999 | D:2      | Reached XP level 3. HP: 25/31 MP: 0/7
  1281 | D:2      | Noticed Robin
  1396 | D:1      | Reached XP level 4. HP: 6/40 MP: 0/10
  2036 | D:2      | Reached skill level 4 in Spellcasting
  2463 | D:2      | Killed Robin
  2680 | D:3      | Reached XP level 5. HP: 46/46 MP: 2/13
  2685 | D:3      | Learned a level 3 spell: Ozocubu's Armour
  2690 | D:3      | Learned a level 4 spell: Summon Ice Beast
  3091 | D:3      | Reached skill level 1 in Fighting
  3377 | D:3      | Found a stormy altar of Qazlal.
  3503 | D:3      | Reached XP level 6. HP: 43/55 MP: 4/16
  3687 | D:4      | Reached skill level 5 in Spellcasting
  3890 | D:4      | Reached skill level 1 in Summonings
  4250 | D:4      | Noticed a soul eater
  4250 | D:4      | Noticed a sixfirhy
  4260 | D:4      | Killed from afar by a soul eater

Action                   |  1- 3 |  4- 6 || total
-------------------------+-------+-------++-------
Melee: Unarmed           |     9 |       ||     9
       Whip              |    36 |    39 ||    75
Throw: Stone             |     9 |     3 ||    12
 Cast: Freeze            |    55 |   121 ||   176
       Throw Frost       |     1 |    20 ||    21
  Use: Scroll            |     1 |     8 ||     9
       Potion            |       |     1 ||     1
 Stab: Sleeping          |       |     1 ||     1
  Eat: Meat ration       |     1 |       ||     1
       Bread ration      |       |     2 ||     2
